 Dungeon Sprint DCSS version 0.31-a0-931-g7b59d4eb97 (webtiles) character file.

Game seed: 10970859645900873308

5500000 dialectric the Axe Maniac (level 27, -20/249 HPs)
             Began as a Formicid Gladiator on Oct 20, 2023.
             Was the Champion of Makhleb.
             Killed by the air
             ... invoked by a tyrant
              (29 damage)
             ... in the Dungeon (Sprint VIII: "Arena of Blood").
             The game lasted 00:02:37 (55 turns).

dialectric the Axe Maniac (Formicid Gladiator)        Turns: 55, Time: 00:02:37

Health: -20/249    AC:  6    Str: 23    XL:     27
Magic:  26/49      EV: 35    Int: 10    God:    Makhleb [******]
Gold:   0          SH:  0    Dex: 23    Spells: 70/70 levels left

rFire   . . .        h - +∞ Axe of Woe
rCold   . . .        (no shield)
rNeg    . . .        b - +0 leather armour
rPois   .            (helmet unavailable)
rElec   .            (no cloak)
rCorr   .            (no gloves)
SInv    +            (no boots)
Will    ++...        (no amulet)
Stlth   ++++++++++   (no ring)
HPRegen 0.61/turn    (no ring)
MPRegen 0.31/turn

%: no passive effects
@: no status effects
A: permanent stasis, dig shafts and tunnels, antennae 3, four strong arms
a: Dig, Renounce Religion, Minor Destruction, Lesser Servant of Makhleb, Major
Destruction, Greater Servant of Makhleb


You were in the Dungeon.
You worshipped Makhleb.
Makhleb was exalted by your worship.
You visited 1 branch

Inventory:

Hand Weapons
 a - a +0 war axe
 h - the +∞ Axe of Woe (weapon)
   (You found it in the Dungeon)
Missiles
 c - 3 throwing nets (quivered)
 d - a javelin
Armour
 b - a +0 leather armour (worn)
Potions
 e - a potion of curing
 f - a potion of heal wounds
 g - 2 potions of magic


   Skills:
 O Level 27 Fighting
 + Level 22.0(25.5) Short Blades
 + Level 21.9(25.4) Long Blades
 O Level 27 Axes
 + Level 22.0(27) Maces & Flails
 + Level 22.0(27) Polearms
 + Level 22.0(27) Staves
 + Level 21.9 Ranged Weapons
 O Level 27 Throwing
 O Level 27 Armour
 O Level 27 Dodging
 O Level 27 Stealth
 O Level 27 Shields
 + Level 22.1 Unarmed Combat
 + Level 22.0 Spellcasting
 + Level 20.4 Conjurations
 + Level 25.6 Hexes
 + Level 24.1 Summonings
 + Level 22.0 Necromancy
 + Level 20.4 Translocations
 + Level 23.8 Transmutations
 + Level 22.1 Fire Magic
 + Level 22.4 Ice Magic
 + Level 19.2 Air Magic
 + Level 26.1 Earth Magic
 O Level 27 Poison Magic
 O Level 27 Invocations
 + Level 26.0 Evocations
 + Level 24.1 Shapeshifting


You had 70 spell levels left.
You didn't know any spells.
Your spell library was empty.

Dungeon Overview and Level Annotations

Branches:
Dungeon (1/1)

Altars:
Makhleb

Annotations:
D The Servant


Innate Abilities, Weirdness & Mutations

You cannot be hasted, slowed, berserked, paralysed or teleported.
You can dig through walls and to a lower floor.
You have a pair of large antennae on your head. (SInv)
Your four strong arms can wield two-handed weapons with a shield.


Message History

* * * LOW HITPOINT WARNING * * *
The tentacled monstrosity disappears in a puff of smoke!
The tyrant casts a spell.
A destroyer comes into view. It is wielding a +9 heavy great sword.
The large abomination is engulfed in blazing flames.
The tyrant gestures wildly while chanting.
The tyrant seems to speed up.
The eight-headed meat hydra calls on the powers of darkness!
The eight-headed meat hydra convulses!
The large bag of meat convulses!
Flame seeps out of the large bag of meat.
The bag of meat convulses!
The Servant convulses!
The bag of meat convulses! x4
Your body is wracked with pain!
* * * LOW HITPOINT WARNING * * *
The destroyer shouts!
You slice the large abomination!!
You dissect the large abomination like a pig carcass.
You destroy the large abomination!
The large abomination disappears in a puff of smoke!
You slash the large abomination!
You cleave the large abomination in twain.
You destroy the large abomination!
The large abomination disappears in a puff of smoke!
You hit the tentacled monstrosity.
You pulverise the tentacled monstrosity into a thin bloody mist.
You kill the tentacled monstrosity!
The tentacled monstrosity disappears in a puff of smoke!
You are engulfed in blazing flames.
* * * LOW HITPOINT WARNING * * *
The large abomination disappears in a puff of smoke!
The large abomination is engulfed in blazing flames.
A bag of meat comes into view. It is wielding a +9 war axe.
The destroyer is engulfed in blazing flames.
The destroyer points at you and mumbles some strange words.
The destroyer blinks!
A meat berserker comes into view. It is wielding a +9 battleaxe.
The large bag of meat is engulfed in blazing flames.
The large abomination is engulfed in blazing flames.
The tyrant waves its bony arms in wide circles.
The air twists around and strikes you!!
You die...

...#......o O
###...#........
.###......#z{.....
.#{..................
....O#.....o............
...z..#..○°°...#.......#
....V.O))#o°...#.......#
..V..§#oX○X..###.......#
#...§°@LLXXo.....###...
##...o§X)#oX......_....
#L....#.Xo..O.#.....#
..z###o@§XLX..).#_.<._#
.. .o..#XXMO○V.#.....#.
. .......#.......)_o...
.........oD.....###...
...........###.... ..#
......... #.......#


You could see an accursed, 2 tentacled monstrosities, 4 tyrants, The Servant, an
eight-headed meat hydra, 3 destroyers, 3 sculptors of flesh, 2 large bags of
meat, 8 large abominations, 2 meat berserkers and 9 bags of meat.

Vanquished Creatures
  10 vampire knights (D)
  17 ogres (D)
  8 two-headed ogres (D)
  A hydra (D)
  81 orcs (D)
  2 skeletal warriors (D)
119 creatures vanquished.

Notes
Turn   | Place    | Note
-------+----------+-------------------------------------------
     0 | D        | Found the +∞ Axe of Woe
     0 | D        | dialectric the Formicid Gladiator began the quest for the
                  | Orb.
     0 | D        | Reached XP level 1. HP: 16/16 MP: 1/1
     0 | D        | Noticed a bag of meat
     3 | D        | Became a worshipper of Makhleb the Destroyer
     3 | D        | Noticed a bag of meat
     4 | D        | Killed a bag of meat
     5 | D        | Reached skill level 10 in Fighting
     5 | D        | Reached XP level 2. HP: 36/36 MP: 2/2
     5 | D        | Reached XP level 3. HP: 42/42 MP: 3/3
     5 | D        | Reached XP level 4. HP: 48/48 MP: 4/4
     5 | D        | Reached XP level 5. HP: 54/54 MP: 5/5
     5 | D        | Reached XP level 6. HP: 61/61 MP: 6/6
     5 | D        | Reached XP level 7. HP: 67/67 MP: 7/7
     5 | D        | Reached XP level 8. HP: 73/73 MP: 8/8
     5 | D        | Reached XP level 9. HP: 79/79 MP: 9/9
     5 | D        | Reached XP level 10. HP: 86/86 MP: 10/10
     5 | D        | Reached XP level 11. HP: 92/92 MP: 11/11
     6 | D        | Noticed a bag of meat
     6 | D        | Noticed a bag of meat
     6 | D        | Noticed a bag of meat
     6 | D        | Noticed a bag of meat
     6 | D        | Noticed a bag of meat
     9 | D        | Killed a bag of meat
     9 | D        | Reached * piety under Makhleb
     9 | D        | Noticed a bag of meat
    10 | D        | Reached skill level 10 in Throwing
    10 | D        | Reached XP level 12. HP: 102/102 MP: 12/12
    10 | D        | Noticed a bag of meat
    11 | D        | Noticed a bag of meat
    11 | D        | Noticed a bag of meat
    11 | D        | Noticed a bag of meat
    12 | D        | Noticed a bag of meat
    12 | D        | Noticed a bag of meat
    13 | D        | Killed a bag of meat
    13 | D        | Noticed a bag of meat
    14 | D        | Reached XP level 13. HP: 109/109 MP: 13/13
    14 | D        | Noticed a bag of meat
    14 | D        | Noticed a bag of meat
    14 | D        | Noticed a meat berserker
    14 | D        | Noticed a bag of meat
    14 | D        | Noticed a bag of meat
    14 | D        | Noticed a bag of meat
    14 | D        | Noticed a destroyer
    14 | D        | Noticed a bag of meat
    14 | D        | Noticed a bag of meat
    14 | D        | Noticed a bag of meat
    14 | D        | Noticed a meat berserker
    14 | D        | Noticed a meat berserker
    15 | D        | Noticed a bag of meat
    15 | D        | Noticed a meat berserker
    15 | D        | Noticed a bag of meat
    15 | D        | Noticed a bag of meat
    15 | D        | Noticed a bag of meat
    15 | D        | Noticed a meat berserker
    16 | D        | Noticed a bag of meat
    17 | D        | Killed a bag of meat
    17 | D        | Killed a bag of meat
    17 | D        | Reached ** piety under Makhleb
    17 | D        | Killed a meat berserker
    17 | D        | Noticed a bag of meat
    17 | D        | Noticed a bag of meat
    17 | D        | Noticed a destroyer
    17 | D        | Noticed a bag of meat
    17 | D        | Noticed a bag of meat
    18 | D        | Reached skill level 15 in Fighting
    18 | D        | Reached XP level 14. HP: 50/123 MP: 14/14
    18 | D        | Noticed a meat berserker
    18 | D        | Killed a meat berserker
    18 | D        | Killed a bag of meat
    18 | D        | Reached *** piety under Makhleb
    18 | D        | Noticed a bag of meat
    18 | D        | Noticed a bag of meat
    18 | D        | Noticed a bag of meat
    18 | D        | Noticed a bag of meat
    19 | D        | Reached skill level 27 in Axes
    19 | D        | Reached skill level 5 in Armour
    19 | D        | Reached XP level 15. HP: 134/134 MP: 15/15
    19 | D        | Noticed a meat berserker
    19 | D        | Noticed a meat berserker
    20 | D        | Reached XP level 16. HP: 145/145 MP: 16/16
    20 | D        | Killed a meat berserker
    20 | D        | Reached **** piety under Makhleb
    20 | D        | Reached ***** piety under Makhleb
    20 | D        | Noticed a destroyer
    21 | D        | Reached skill level 10 in Armour
    21 | D        | Reached skill level 27 in Dodging
    21 | D        | Reached XP level 17. HP: 169/169 MP: 17/17
    21 | D        | Killed a meat berserker
    22 | D        | Reached skill level 27 in Fighting
    22 | D        | Killed a meat berserker
    22 | D        | Reached ****** piety under Makhleb
    23 | D        | Reached skill level 27 in Throwing
    23 | D        | Reached XP level 18. HP: 182/182 MP: 18/18
    23 | D        | Killed a destroyer
    23 | D        | Killed a destroyer
    23 | D        | Noticed a destroyer
    23 | D        | Noticed a meat berserker
    24 | D        | Reached skill level 27 in Armour
    24 | D        | Reached XP level 19. HP: 189/189 MP: 19/19
    24 | D        | Reached XP level 20. HP: 197/197 MP: 20/20
    24 | D        | Killed a meat berserker
    24 | D        | Noticed a meat berserker
    25 | D        | Reached skill level 10 in Stealth
    25 | D        | Reached skill level 10 in Shields
    25 | D        | Reached skill level 10 in Poison Magic
    25 | D        | Reached skill level 10 in Invocations
    25 | D        | Killed a destroyer
    26 | D        | Reached skill level 10 in Hexes
    26 | D        | Reached skill level 10 in Earth Magic
    26 | D        | Reached skill level 10 in Evocations
    26 | D        | Reached XP level 21. HP: 204/204 MP: 20/33
    26 | D        | Killed a meat berserker
    26 | D        | Noticed a large bag of meat
    26 | D        | Noticed a meat berserker
    27 | D        | Reached skill level 10 in Short Blades
    27 | D        | Reached skill level 10 in Long Blades
    27 | D        | Reached skill level 10 in Maces & Flails
    27 | D        | Reached skill level 10 in Polearms
    27 | D        | Reached skill level 10 in Staves
    27 | D        | Reached skill level 10 in Ranged Weapons
    27 | D        | Reached skill level 10 in Unarmed Combat
    27 | D        | Reached skill level 10 in Spellcasting
    27 | D        | Reached skill level 10 in Necromancy
    27 | D        | Reached skill level 10 in Fire Magic
    27 | D        | Reached skill level 10 in Ice Magic
    27 | D        | Noticed a large bag of meat
    27 | D        | Killed a meat berserker
    27 | D        | Noticed a large bag of meat
    27 | D        | Noticed a meat berserker
    27 | D        | Noticed a large bag of meat
    28 | D        | Reached skill level 10 in Conjurations
    28 | D        | Reached skill level 10 in Translocations
    28 | D        | Reached skill level 15 in Invocations
    28 | D        | Reached XP level 22. HP: 212/212 MP: 20/37
    28 | D        | Noticed a large bag of meat
    29 | D        | Noticed an eight-headed meat hydra
    30 | D        | Reached skill level 15 in Stealth
    30 | D        | Reached skill level 15 in Shields
    30 | D        | Reached skill level 10 in Air Magic
    30 | D        | Reached skill level 15 in Poison Magic
    30 | D        | Killed a meat berserker
    30 | D        | Killed a meat berserker
    30 | D        | Killed a destroyer
    31 | D        | Reached skill level 15 in Summonings
    31 | D        | Reached skill level 15 in Transmutations
    31 | D        | Reached skill level 15 in Shapeshifting
    31 | D        | Reached XP level 23. HP: 110/219 MP: 21/40
    33 | D        | Reached XP level 24. HP: 201/227 MP: 21/41
    33 | D        | Killed a large bag of meat
    34 | D        | Noticed a large bag of meat
    36 | D        | Killed a large bag of meat
    36 | D        | Noticed a destroyer
    37 | D        | Reached skill level 15 in Short Blades
    37 | D        | Reached skill level 15 in Long Blades
    37 | D        | Reached skill level 15 in Maces & Flails
    37 | D        | Reached skill level 15 in Polearms
    37 | D        | Reached skill level 15 in Staves
    37 | D        | Reached skill level 15 in Ranged Weapons
    37 | D        | Reached skill level 15 in Unarmed Combat
    37 | D        | Reached skill level 15 in Spellcasting
    37 | D        | Reached skill level 15 in Necromancy
    37 | D        | Reached skill level 15 in Fire Magic
    37 | D        | Reached skill level 15 in Ice Magic
    37 | D        | Killed a large bag of meat
    37 | D        | Noticed a large bag of meat
    37 | D        | Noticed a destroyer
    38 | D        | Reached XP level 25. HP: 190/234 MP: 22/42
    38 | D        | Killed a large bag of meat
    38 | D        | Noticed a destroyer
    38 | D        | Noticed a destroyer
    39 | D        | Reached skill level 15 in Conjurations
    39 | D        | Reached skill level 15 in Translocations
    39 | D        | Killed a large bag of meat
    40 | D        | Killed a destroyer
    40 | D        | Killed a destroyer
    40 | D        | Noticed a destroyer
    41 | D        | Reached skill level 15 in Air Magic
    41 | D        | Reached XP level 26. HP: 222/242 MP: 23/44
    42 | D        | Killed a destroyer
    42 | D        | Noticed a destroyer
    43 | D        | Reached XP level 27. HP: 234/249 MP: 23/45
    43 | D        | Killed a destroyer
    43 | D        | Killed a large bag of meat
    43 | D        | Noticed a tyrant
    44 | D        | Killed a destroyer
    45 | D        | Reached skill level 27 in Stealth
    45 | D        | Noticed a tyrant
    45 | D        | Noticed a large bag of meat
    45 | D        | Noticed a large bag of meat
    45 | D        | Noticed an accursed
    46 | D        | Killed a large bag of meat
    46 | D        | Noticed a tyrant
    48 | D        | Noticed a large bag of meat
    48 | D        | Noticed a destroyer
    48 | D        | Noticed a tyrant
    49 | D        | Noticed The Servant
    49 | D        | HP: 10/249 [tyrant/the air (56)]
    50 | D        | Killed a destroyer
    51 | D        | Reached skill level 27 in Poison Magic
    51 | D        | Reached skill level 27 in Invocations
    51 | D        | Noticed a destroyer
    52 | D        | Noticed a large bag of meat
    53 | D        | Reached skill level 27 in Shields
    53 | D        | Killed a large bag of meat
    54 | D        | Noticed a destroyer
    55 | D        | HP: 9/249 [something (17)]
    55 | D        | Killed from afar by a tyrant

Illustrated notes

Levels and vault maps discovered:
D:        meatsprint

Skill      XL: |  1  2  3  4  5  6  7  8  9 10 11 12 13 14 15 16 17 18 19 20 21 22 23 24 25 26 27 |
---------------+----------------------------------------------------------------------------------+-----
Fighting       | 10 11 12 15 17 18 25 27 | 27.0
Axes           | 16 19 20 24 27 | 27.0
Throwing       | 8 10 13 14 16 20 27 | 27.0
Dodging        | 14 16 18 21 23 25 27 | 27.0
Armour         | 4 5 6 10 25 27 | 27.0
Short Blades   | 8 11 13 14 15 17 18 22 | 22.0
Long Blades    | 8 11 13 14 15 17 18 21 | 21.9
Maces & Flails | 8 11 13 14 15 17 18 22 | 22.0
Polearms       | 8 11 13 14 15 17 18 22 | 22.0
Staves         | 8 11 13 14 15 17 18 22 | 22.0
Ranged Weapons | 8 11 13 14 15 17 18 21 | 21.9
Stealth        | 11 14 17 18 20 22 23 27 | 27.0
Shields        | 11 14 17 18 20 22 23 27 | 27.0
Unarmed Combat | 8 11 13 14 15 17 18 22 | 22.1
Spellcasting   | 8 11 13 14 15 17 18 22 | 22.0
Conjurations   | 8 10 12 13 14 16 17 20 | 20.4
Hexes          | 10 13 16 18 20 22 25 | 25.6
Summonings     | 9 12 15 17 19 20 24 | 24.1
Necromancy     | 8 11 13 14 15 17 18 22 | 22.0
Translocations | 8 10 12 13 14 16 17 20 | 20.4
Transmutations | 9 12 15 17 19 20 23 | 23.8
Fire Magic     | 8 11 13 14 15 17 18 22 | 22.1
Ice Magic      | 8 11 13 14 15 17 18 22 | 22.4
Air Magic      | 7 9 11 12 13 15 16 19 | 19.2
Earth Magic    | 10 13 16 18 20 22 26 | 26.1
Poison Magic   | 11 14 17 18 20 22 23 27 | 27.0
Invocations    | 11 15 18 20 22 24 27 | 27.0
Evocations     | 10 13 16 17 19 21 22 26 | 26.0
Shapeshifting  | 9 12 15 17 19 20 24 | 24.1

Action                     |  1- 3 |  4- 6 |  7- 9 | 10-12 | 13-15 | 16-18 | 19-21 | 22-24 | 25-27 || total
---------------------------+-------+-------+-------+-------+-------+-------+-------+-------+-------++-------
  Melee: Executioner's axe |     1 |       |       |     2 |     3 |     4 |     4 |     8 |    16 ||    38
 Armour: Leather armour    |       |       |       |       |     2 |       |       |     5 |    21 ||    28
  Dodge: Dodged            |       |       |       |       |       |       |       |       |     2 ||     2

Table legend: (Time is in decaauts)
 A = Elapsed time spent in this place.
 B = Non-inter-level travel time spent in this place.
 C = Inter-level travel time spent in this place.
 D = Time resting spent in this place.
 E = Time spent auto-exploring this place.
 F = Levels seen in this place.
 G = Mean time per level.
                   A        B        C        D        E       F      G
               +--------+--------+--------+--------+--------+-----+--------+
         Total |     45 |     45 |      0 |      0 |      0 |   1 |   45.0 |
       Dungeon |     45 |     45 |      0 |      0 |      0 |   1 |   45.0 |
               +--------+--------+--------+--------+--------+-----+--------+

Top non-repeatable levels by time:
       D: 45 daAuts
